[Event "*** MasterClass Titled Tuesday Blitz"]
[Site "Chess.com"]
[Date "2017.09.05"]
[Round "3"]
[White "K_A_S_T_O_R"]
[Black "Keranke"]
[Result "1-0"]
[WhiteElo "2608"]
[BlackElo "2687"]
[TimeControl "180+2"]
[EndTime "13:42:20 PDT"]
[Termination "K_A_S_T_O_R won by resignation"]

1. e4 g6 2. d4 Bg7 3. Nf3 d6 4.
Bc4 Nf6 5. Qe2 O-O 6. e5 dxe5 7. dxe5 Nd5 8. O-O Nb6 9. Rd1 Qe8 10. Bb5 Nc6 11. h3 a6 12. Bd3 Nb4 13. Be4 Qb5 14.
Qe1 Nc6 15. Nc3 Qc4 16. b3 Qe6 17. Bxc6 Qxc6 18. Ba3 Re8 19. Nd4 Qd7 20. e6 fxe6 21. Nf3 Qc6 22. Ne5 Bxe5 23. Qxe5 Nd7 24. Rxd7 Bxd7 25. Rd1 Rf8 26. g4 Rf3 27. Bb2 Kf7 28. Ne4 Ke8 29. Ng5 Rd8 30. Nxf3 Qxf3 31. Rd3 Qf8 32.
Qxc7 Qh6 33. Be5 Qc1+ 34. Kh2 Qe1 35. Bd4 Qe4 36. Bb6 Kf7 37. Rd4 Qe2 38. Rf4+ Kg7 39.
Qxd8 1-0

[Event "*** MasterClass Titled Tuesday Blitz"]
[Site "Chess.com"]
[Date "2017.09.05"]
[Round "3"]
[White "jcibarra"]
[Black "swayamsm"]
[Result "1-0"]
[WhiteElo "2672"]
[BlackElo "2507"]
[TimeControl "180+2"]
[EndTime "13:42:27 PDT"]
[Termination "jcibarra won by resignation"]

1. e4 e6 2. d4 d5 3. Nd2 Be7 4. e5 c5 5. c3 Nc6 6. Bd3 Bd7 7. Qg4 g6 8. Ndf3 h5 9. Qf4 cxd4 10. Nxd4 g5 11.
Qe3 Nh6 12. Ngf3 Ng4 13. Qe2 Nh6 14. h3 Nf5 15. Nxf5 exf5 16. h4 g4 17. Ng5 Be6 18. Bf4 d4 19. Nxe6 fxe6 20. Bc4 dxc3 21. bxc3 Kf7 22. Rd1 Qc8 23. Qc2 Kg6 24. O-O Rd8 25. f3 Nxe5 26. Bb3 Qc5+ 27. Kh1 Rd6 28. Rde1 Bf6 29.
Bxe5 Bxe5 30. fxg4 hxg4 31. Bxe6 Rf8 32. Bxf5+ Kg7 33.
Qe4 Bf6 34. Qxg4+ Kh8 35. Qh5+ 1-0

[Event "*** MasterClass Titled Tuesday Blitz"]
[Site "Chess.com"]
[Date "2017.09.05"]
[Round "3"]
[White "abubakrtagelsir"]
[Black "Sebastian"]
[Result "0-1"]
[WhiteElo "2214"]
[BlackElo "2816"]
[TimeControl "180+2"]
[EndTime "13:42:35 PDT"]
[Termination "Sebastian won by resignation"]

1. e4 e5 2. Nf3 Nc6 3. d4 exd4 4. Bc4 Nf6 5. e5 d5 6. Bb5 Ne4 7. Nxd4 Bd7 8. Bxc6 bxc6 9. O-O Bc5 10. f3 Ng5 11. f4 Ne4 12. Be3 Bb6 13. Nc3 c5 14. Nb3 d4 15. Nxe4 dxe3 16. c4 Bc6 17. Qc2 Qe7 18. Rae1 f6 19. Rxe3 fxe5 20. fxe5 O-O-O 21. Nc3 Rhf8 22. Rfe1 Qe6 23. Ne2 g5 24. Qc3 h5 25. Na5 Ba8 26. a4 Rd4 27. Nc1 Qf5 28. R3e2 Rf4 29. h3 g4 30.
Nab3 h4 31. hxg4 Rxg4 32. a5 Rfg8 33. Qh3 Bxg2 34. Rxg2 Rxg2+ 35. Qxg2 Rxg2+ 36. Kxg2 Qg4+ 37. Kh2 Qg3+ 38. Kh1 Qxe1+ 0-1

[Event "*** MasterClass Titled Tuesday Blitz"]
[Site "Chess.com"]
[Date "2017.09.05"]
[Round "3"]
[White "josiwales"]
[Black "GMHess"]
[Result "1-0"]
[WhiteElo "2316"]
[BlackElo "2521"]
[TimeControl "180+2"]
[EndTime "13:42:38 PDT"]
[Termination "josiwales won by checkmate"]

1. e4 d6 2. d4 Nf6 3. Nc3 c6 4. f4 Qa5 5. Bd3 d5 6. e5 Ne4 7. Bxe4 dxe4 8. Ne2 f5 9. O-O Be6 10.
b4 Qa6 11. a4 Bc4 12. Be3 e6 13. b5 Qa5 14. Kh1 Bb4 15. Na2 cxb5 16. c3 Be7 17.
Nac1 O-O 18. Nb3 Qc7 19. axb5 Bxb5 20. d5 Qc4 21. d6 Qxe2 22. dxe7 Re8 23. Qd6 Bc4 24.
Na5 Nc6 25. Nxc6 bxc6 26. Rfe1 Qd3 27. Qxc6 Rac8 28. Qd6 Qxc3 29. Bd4 Qc2 30. Rac1 Qd3 31. Red1 Qe2 32. Bg1 e3 33. Qd7 Bd5 34. Rxd5 Kf7 35. Rxc8 Rxe7 36. Qd8 exd5 37. Qf8+ Kg6 38. Rc6+ Kh5 39.
Qxf5+ Kh4 40. g3# 1-0

[Event "*** MasterClass Titled Tuesday Blitz"]
[Site "Chess.com"]
[Date "2017.09.05"]
[Round "3"]
[White "ruvat"]
[Black "Vamostodorecto"]
[Result "1-0"]
[WhiteElo "2300"]
[BlackElo "2330"]
[TimeControl "180+2"]
[EndTime "13:42:46 PDT"]
[Termination "ruvat won by resignation"]

1. d4 d5 2. c4 Nc6 3. Nf3 Bg4 4. Nc3 e6 5. Bg5 f6 6. cxd5 exd5 7. Bf4 Bb4 8. Rc1 Nge7 9. e3 O-O 10. Be2 Kh8 11.
O-O Bd6 12. Bg3 Bxg3 13. hxg3 Nf5 14. Qb3 Nce7 15. Qxb7 Rb8 16. Qxa7 Rxb2 17. Rb1 Rc2 18. Rfc1 Rxc1+ 19. Rxc1 Nc8 20. Qc5 Nce7 21. a4 c6 22.
a5 Nd6 23. a6 Ne4 24. Qa3 Qb6 25. Na4 Qa7 26. Nc5 Rb8 27. Bd3 Bxf3 28. gxf3 Nxc5 29. Qxc5 Qxc5 30. Rxc5 Ra8 31. Ra5 Ra7 32. g4 Kg8 33. e4 Kf7 34. Kf1 g6 35. Ra4 Ke6 36. Rb4 Kd6 37.
Rb8 Kc7 38. Rf8 Nc8 39. Rxf6 Nd6 40. e5 Nc8 41. Rf7+ Kd8 42. Rf8+ Kc7 43. f4 Ne7 44. Rf7 Kd7 45. Rxh7 Ra8 46. f5 gxf5 47. gxf5 Rh8 48.
Rxh8 1-0

[Event "*** MasterClass Titled Tuesday Blitz"]
[Site "Chess.com"]
[Date "2017.09.05"]
[Round "3"]
[White "TigranLPetrosyan"]
[Black "JaimeSantosLatasa"]
[Result "1/2-1/2"]
[WhiteElo "2735"]
[BlackElo "2577"]
[TimeControl "180+2"]
[EndTime "13:42:47 PDT"]
[Termination "Game drawn by agreement"]

1. e4 c5 2. Nc3 Nc6 3. f4 g6 4. Bb5 Nd4 5. Nf3 Bg7 6. O-O Nxb5 7.
Nxb5 d6 8. d3 a6 9. Nc3 e6 10.
Qe1 Ne7 11. Bd2 b5 12. a4 Rb8 13. axb5 axb5 14. Qg3 b4 15. Nd1 O-O 16. Qh3 Nc6 17.
Ne3 f5 18. exf5 exf5 19. c3 h6 20. Rae1 Be6 21. Re2 Qd7 22. Rfe1 Rfe8 23. Qg3 Bf7 24. h4 bxc3 25. bxc3 h5 26. Ng5 Bf6 27. Qf3 Bxg5 28. hxg5 Ne7 29. c4 d5 30. Nxd5 Nxd5 31. Rxe8+ Rxe8 32. Rxe8+ Bxe8 33. cxd5 Bf7 34. Qe3 Qxd5 35. Bc3 Kf8 36. Kh2 Be6 37. Be5 Bd7 38. Qc1 Bc6 39.
Qb2 Kf7 40. Bh8 Ke8 41. Bc3 Kd7 42. Be5 Bb7 43. Qb5+ Bc6 44. Qb2 Bb7 45. Qe2 Bc6 46. Bc3 Qe6 47. Qf2 Qd5 48. Be5 Kd8 49. Bf6+ Kd7 50.
Bb2 Qxd3 51. Qxc5 Qd2 52. Qd4+ Qxd4 53. Bxd4 Ke6 54. g3 Kf7 55. Kh3 Bf3 56. Kh4 Bg4 57. Be5 1/2-1/2

[Event "*** MasterClass Titled Tuesday Blitz"]
[Site "Chess.com"]
[Date "2017.09.05"]
[Round "3"]
[White "hypert"]
[Black "pastouche06"]
[Result "0-1"]
[WhiteElo "2309"]
[BlackElo "2348"]
[TimeControl "180+2"]
[EndTime "13:42:51 PDT"]
[Termination "pastouche06 won by checkmate"]

1. d4 g6 2. e4 Bg7 3. Nc3 e6 4. Be3 Ne7 5. h4 h6 6. Nf3 d5 7.
e5 c5 8. Ne2 cxd4 9. Nexd4 Nbc6 10. Bb5 O-O 11. Nxc6 Nxc6 12. Bxc6 bxc6 13. Qd2 Kh7 14.
O-O-O Qc7 15. Bc5 Rd8 16. Rhe1 Rb8 17. b3 Rb5 18. Qc3 a5 19. a4 Rb8 20. g4 Ba6 21. h5 g5 22. Qe3 Rb7 23. Nd4 Bf8 24. Bxf8 Rxf8 25. f4 gxf4 26. Qxf4 c5 27. Nxe6 fxe6 28.
Qxf8 c4 29. Qd6 Qc8 30. Qxa6 cxb3 31. Qd3+ Kg7 32. Rf1 bxc2 33. Qg6+ Kh8 34. Qxh6+ Kg8 35. Qg6+ Kh8 36. Qh6+ Kg8 37. Rf8+ Qxf8 38. Qxe6+ Kh8 39. Rd2 Qa3+ 40. Kxc2 Qb3+ 41. Kc1 Qb1# 0-1

[Event "*** MasterClass Titled Tuesday Blitz"]
[Site "Chess.com"]
[Date "2017.09.05"]
[Round "3"]
[White "Blitzstream"]
[Black "maciek_92"]
[Result "0-1"]
[WhiteElo "2482"]
[BlackElo "2526"]
[TimeControl "180+2"]
[EndTime "13:42:52 PDT"]
[Termination "maciek_92 won by resignation"]

1. g4 d5 2. Bg2 c6 3. g5 e5 4. d4 Nd7 5. c4 dxc4 6. Nc3 Ne7 7. dxe5 Nxe5 8. Qxd8+ Kxd8 9. Bf4 N7g6 10. O-O-O+ Ke8 11. Bg3 h5 12. h4 Be6 13. Be4 Ng4 14. Nf3 Rd8 15. Nd4 Bc8 16. Nf5 N4e5 17. Rxd8+ Kxd8 18. Rd1+ Ke8 19. Ne3 Bc5 20. Nf5 Bxf5 21. Bxf5 Ke7 22. Ne4 Bb6 23. Nd6 Rd8 24. Nxb7 Rxd1+ 25. Kxd1 Bd4 26.
Kc2 Bb6 27. Bxg6 Nxg6 28. Nd6 Nxh4 29. Nc8+ Ke6 30. Nxb6 axb6 31. Bxh4 Kf5 32. Kc3 Kg4 33. Bg3 h4 34. Bd6 b5 35. Kb4 Kxg5 36. Kc5 f5 37. e3 h3 38. Kxc6 b4 39. a4 bxa3 40. bxa3 c3 0-1

[Event "*** MasterClass Titled Tuesday Blitz"]
[Site "Chess.com"]
[Date "2017.09.05"]
[Round "3"]
[White "livestrong04"]
[Black "krzyzan94"]
[Result "1-0"]
[WhiteElo "2379"]
[BlackElo "2502"]
[TimeControl "180+2"]
[EndTime "13:42:58 PDT"]
[Termination "livestrong04 won by checkmate"]

1. e4 c5 2. c3 Nf6 3. e5 Nd5 4.
d4 cxd4 5. cxd4 e6 6. Nf3 d6 7.
Bc4 Nb6 8. Bb3 Nc6 9. O-O Be7 10.
Bd2 O-O 11. Nc3 Re8 12. Qe2 Bf8 13. Rad1 Bd7 14. Bc2 g6 15. h4 Nb4 16. Bb1 N4d5 17. Ne4 a6 18. Bg5 Qb8 19. h5 Bb5 20. Bd3 Bxd3 21.
Rxd3 dxe5 22. dxe5 Bg7 23. hxg6 hxg6 24. Nd6 Rf8 25.
Qe4 Nd7 26. Rxd5 exd5 27. Qxd5 Nb6 28. Qb3 Nd7 29. Qd5 Nb6 30. Qe4 Qc7 31. Qh4 Nd7 32.
Rc1 Qa5 33. Be7 Rfe8 34. Nxe8 Rxe8 35. Ng5 Nf8 36. Bxf8 Kxf8 37. Qf4 f5 38. Qc4 Re7 39. Qc8+ Re8 40. Qc4 Re7 41. Nh7+ Ke8 42. Qg8+ Kd7 43. Qc8# 1-0

[Event "*** MasterClass Titled Tuesday Blitz"]
[Site "Chess.com"]
[Date "2017.09.05"]
[Round "3"]
[White "michaelq2d5"]
[Black "Noukii"]
[Result "0-1"]
[WhiteElo "2633"]
[BlackElo "2670"]
[TimeControl "180+2"]
[EndTime "13:43:01 PDT"]
[Termination "Noukii won by resignation"]

1. d4 d5 2. c4 c6 3. Nc3 Nf6 4.
cxd5 cxd5 5. Bg5 e6 6. e3 Be7 7. Bd3 O-O 8. Nf3 Nc6 9. O-O Bd7 10. Rc1 a6 11. Ne5 Nxe5 12. dxe5 Ne8 13. Bxe7 Qxe7 14. e4 dxe4 15. Bxe4 Nc7 16. Qd6 Qxd6 17. exd6 Nb5 18. Bxb7 Ra7 19. Bf3 Nxd6 20. Rfd1 Nb5 21. Ne4 e5 22. Nc5 Bc8 23. Bd5 g6 24. Re1 Re7 25. f4 Rd8 26. Rcd1 Rde8 27. Bc6 Rf8 28. Rxe5 Rc7 29. Bxb5 axb5 30. b4 Bg4 31. Rd2 Ra8 32. h3 Bf5 33. Nb3 Rc4 34. Rxb5 Rxf4 35. Nc5 Ra3 36.
Rb8+ Kg7 37. Rb7 h5 38. Rf2 Rc4 39. Nb3 h4 40. b5 Rb4 41. b6 Be6 42. Nc5 Bxa2 43.
Ra7 Rc3 44. Rfxa2 Rxc5 45. Rf2 Rc1+ 46. Kh2 Rbb1 47. Rfxf7+ Kh6 48. g4 Rb2+ 0-1

[Event "*** MasterClass Titled Tuesday Blitz"]
[Site "Chess.com"]
[Date "2017.09.05"]
[Round "3"]
[White "IamSchrodingersCat"]
[Black "Cruel_Yaro"]
[Result "0-1"]
[WhiteElo "2428"]
[BlackElo "2636"]
[TimeControl "180+2"]
[EndTime "13:43:06 PDT"]
[Termination "Cruel_Yaro won on time"]

1. e4 c5 2. Nf3 d6 3. d4 cxd4 4. Nxd4 Nf6 5. Nc3 a6 6. Be2 e6 7. Be3 Be7 8. g4 d5 9. exd5 Nxd5 10. Nxd5 Qxd5 11. Bf3 Qa5+ 12. Qd2 Qxd2+ 13. Bxd2 Nd7 14. O-O-O Ne5 15. Be2 g5 16. Bc3 Ng6 17. Bf3 Rb8 18. h3 Bd7 19. Nb3 f6 20. Na5 Bc8 21. Nc4 b5 22. Nd6+ Bxd6 23. Rxd6 Kf7 24. Be4 Re8 25. a3 Bb7 26. Bxb7 Rxb7 27. Rxa6 Rd8 28. Rc6 e5 29. b3 Nh4 30. Kb2 Nf3 31. Rc5 Kg6 32. Rc6 h5 33.
gxh5+ Kf5 34. Ba5 Rh8 35. Rd1 Rxh5 36. Rdd6 Rf7 37. Bd8 Rh6 38. a4 bxa4 39. bxa4 Nd4 40. Rb6 Ke4 41. Rxf6 Rfxf6 42. Bxf6 Kf5 43. Bd8 Rxh3 44.
a5 Rh8 45. Rb8 Nc6 46. Rc8 Nxa5 0-1

[Event "*** MasterClass Titled Tuesday Blitz"]
[Site "Chess.com"]
[Date "2017.09.05"]
[Round "3"]
[White "dogeandpika4life"]
[Black "DiogenesSinopeus"]
[Result "0-1"]
[WhiteElo "2292"]
[BlackElo "2392"]
[TimeControl "180+2"]
[EndTime "13:43:06 PDT"]
[Termination "DiogenesSinopeus won by resignation"]

1. a3 Nf6 2. b4 a5 3. b5 d5 4. d4 Bf5 5. e3 e6 6. c4 Be7 7. Nc3 O-O 8. Nf3 h6 9. c5 c6 10. Na4 Nbd7 11. Be2 Ne4 12. O-O Bf6 13. Bb2 Qe7 14. Rc1 e5 15. h3 Rfe8 16. Qb3 Rad8 17.
Rfd1 g5 18. dxe5 Nxe5 19. Nd4 Bg6 20. Nb6 h5 21. Na4 g4 22. hxg4 hxg4 23. bxc6 bxc6 24. Ba1 Rb8 25. Qa2 g3 26. f4 Nf2 27. Rf1 Neg4 28.
Bxg4 Nxg4 29. Rf3 Qd7 30. Qd2 Bh4 31. Nb6 Qc7 32. f5 Bh5 33. Rf4 Re4 34. Rxe4 dxe4 35. Ne2 Bf6 36. Nf4 Bxa1 37. Rxa1 Qe5 38. Rd1 Nf6 39. Nxh5 Nxh5 40. Qd6 Re8 41. Nd7 Qc3 42. Qd4 Qc2 43. Rf1 Qd3 44. Nf6+ Nxf6 45. Qxf6 Qxe3+ 46. Kh1 Qe2 47. Qg5+ Kh7 48. Qh5+ Qxh5+ 0-1

[Event "*** MasterClass Titled Tuesday Blitz"]
[Site "Chess.com"]
[Date "2017.09.05"]
[Round "3"]
[White "Quiet_Desperation"]
[Black "kikydu96"]
[Result "0-1"]
[WhiteElo "2224"]
[BlackElo "2310"]
[TimeControl "180+2"]
[EndTime "13:43:19 PDT"]
[Termination "kikydu96 won on time"]

1. e4 c5 2. Nf3 d6 3. d4 cxd4 4. Nxd4 Nf6 5. Nc3 a6 6. Be3 e6 7. f3 Be7 8. Qd2 h5 9. O-O-O Nbd7 10. Kb1 Qc7 11. Bd3 Ne5 12. Rhe1 b5 13. h3 h4 14. f4 Nc4 15. Bxc4 bxc4 16. e5 dxe5 17. fxe5 Nd7 18.
Bf4 Rb8 19. Ka1 Bc5 20. Ne4 Qb6 21. c3 Be7 22. Re2 Nc5 23. Nxc5 Bxc5 24. Nc6 O-O 25. Nxb8 Qxb8 26. Qe1 Be7 27. Red2 Qb5 28. Qe3 Bb7 29. Rd7 Bc5 30. Rxb7 Qxb7 31. Qxc5 Qxg2 32. Qg1 Qxh3 33. Bh6 Qg3 34. Qxg3 hxg3 35. Bf4 g2 36. a3 f6 37. Rg1 fxe5 38. Be3 Rf1+ 39. Ka2 Rf3 40. Bc5 Rg3 41. a4 e4 42. Ka3 a5 43. Bd4 e3 44. b4 cxb3 45. Kxb3 e2 46. Bf2 Rf3 47.
Rxg2 Rxf2 0-1

[Event "*** MasterClass Titled Tuesday Blitz"]
[Site "Chess.com"]
[Date "2017.09.05"]
[Round "3"]
[White "Blitzking4444"]
[Black "AndrewMcStone"]
[Result "1-0"]
[WhiteElo "2085"]
[BlackElo "2060"]
[TimeControl "180+2"]
[EndTime "13:43:20 PDT"]
[Termination "Blitzking4444 won by checkmate"]

1. e4 Nc6 2. Nf3 Nf6 3. e5 Nd5 4. d4 d6 5. c4 Nb6 6. Nc3 Bg4 7. e6 fxe6 8. Be3 g6 9. h3 Bxf3 10. Qxf3 Bg7 11. O-O-O Qd7 12. h4 Rf8 13. Qe2 O-O-O 14. g3 Kb8 15. Bh3 Rde8 16. d5 Nd8 17. Bd4 Bxd4 18.
Rxd4 Na4 19. Nxa4 Qxa4 20. b3 Qa3+ 21. Kb1 e5 22. Re4 Rf7 23. f4 exf4 24. gxf4 c6 25. Bd7 Ref8 26. Rxe7 cxd5 27. Rxf7 Rxf7 28. Qe8 Kc7 29.
Be6 Rg7 30. h5 dxc4 31. h6 c3 32. Rc1 Nxe6 33. Rxc3+ Kb6 34. hxg7 Nxg7 35. Qe3+ Ka6 36. Qd3+ b5 37. Rc7 Kb6 38. Rxg7 Qc5 39. Rxh7 Qg1+ 40.
Kb2 Qf2+ 41. Qc2 Qd4+ 42. Qc3 Qf2+ 43. Ka3 Qxf4 44. Qc7+ Ka6 45. Qxa7# 1-0

[Event "*** MasterClass Titled Tuesday Blitz"]
[Site "Chess.com"]
[Date "2017.09.05"]
[Round "3"]
[White "Rokis13"]
[Black "Jahonas"]
[Result "1-0"]
[WhiteElo "2349"]
[BlackElo "2204"]
[TimeControl "180+2"]
[EndTime "13:43:22 PDT"]
[Termination "Rokis13 won by checkmate"]

1. e4 c6 2. Nc3 d5 3. d4 dxe4 4. Nxe4 Nf6 5. Nxf6+ exf6 6. c3 Bd6 7. Bd3 O-O 8. Ne2 Bg4 9. O-O Qc7 10. h3 Bh5 11. Qc2 Bg6 12. Re1 Nd7 13. Bxg6 hxg6 14. Be3 Rfe8 15. Nc1 f5 16. Nd3 Nf6 17. c4 f4 18. Bd2 f3 19. g4 Qd7 20. Qd1 Nxg4 21. Qxf3 Nh2 22. Qg2 Qf5 23. Nf4 Bxf4 24. Bxf4 Qxf4 25.
Qxh2 Qxd4 26. b3 Qc3 27. Kf1 Qd3+ 28. Kg1 Qc3 29. Kf1 Qf3 30. Rad1 a5 31. Qg3 Qh1+ 32.
Qg1 Qxh3+ 33. Qg2 Qxg2+ 34. Kxg2 Rxe1 35. Rxe1 Kf8 36. Rd1 Ke7 37. Re1+ Kd7 38. Rd1+ Kc7 39. Re1 Rd8 40. Re5 b6 41. Kg3 f6 42. Re7+ Rd7 43.
Re6 Kb7 44. f3 Rc7 45. Kg4 Ka6 46. f4 b5 47. Kf3 bxc4 48. bxc4 Kb6 49. Ke3 Kc5 50.
Kd3 Kb4 51. a3+ Kxa3 52. Kc3 Ka4 53. Re1 Rb7 54. Ra1# 1-0

[Event "*** MasterClass Titled Tuesday Blitz"]
[Site "Chess.com"]
[Date "2017.09.05"]
[Round "3"]
[White "AllStarShark"]
[Black "Me_ch_an"]
[Result "0-1"]
[WhiteElo "2329"]
[BlackElo "2220"]
[TimeControl "180+2"]
[EndTime "13:43:23 PDT"]
[Termination "Me_ch_an won by checkmate"]

1. d4 d5 2. Bf4 c5 3. e3 Nc6 4. c3 Qb6 5. dxc5 Qxb2 6. Bd3 e5 7. Bg3 Bxc5 8. Qb3 Qc1+ 9. Ke2 e4 10. Bb5 Bg4+ 11.
f3 Qxe3+ 12. Kf1 exf3 13. Qxd5 fxg2+ 14. Kxg2 Ne7 15. Qd3 Qxd3 16. Bxd3 O-O 17. Nf3 Rfd8 18. Be4 f5 19. Bc2 Ng6 20. Bb3+ Kh8 21. Nbd2 Rd3 22. Rac1 Rad8 23. Rc2 f4 24. Bf2 Be3 25. Rd1 Nce5 26. Nxe5 Nxe5 27. Rb2 Rxd2 28. Rdxd2 Rxd2 29. Rxd2 Bxd2 30. Bd4 Nc6 31. Bf2 Bxc3 32. h3 Be2 33. h4 Be5 34. Be1 g6 35. Bd2 Kg7 36. Kf2 Bh5 37. Bd5 Kf6 38.
Bb3 h6 39. a4 g5 40. hxg5+ hxg5 41. a5 g4 42. a6 bxa6 43. Bd5 Nd4 44. Bb4 g3+ 45. Kg1 f3 46. Bc5 Ne2+ 47. Kf1 Bd4 48. Bxd4+ Nxd4 49. Bb7 Ke5 50. Kg1 Kf4 51. Bd5 Ke3 52.
Bc4 f2+ 53. Kh1 Bf3# 0-1

[Event "*** MasterClass Titled Tuesday Blitz"]
[Site "Chess.com"]
[Date "2017.09.05"]
[Round "3"]
[White "belisarius64"]
[Black "Makalexa"]
[Result "1-0"]
[WhiteElo "2312"]
[BlackElo "2140"]
[TimeControl "180+2"]
[EndTime "13:43:27 PDT"]
[Termination "belisarius64 won by resignation"]

1. e4 e5 2. Nf3 Nc6 3. Bc4 Bc5 4. O-O Nf6 5. d3 O-O 6. c3 d6 7. a4 Ne7 8. b4 d5 9. exd5 Bd6 10. Qb3 Bg4 11.
Nbd2 Ng6 12. h3 Bxf3 13. Nxf3 Nh5 14. Re1 Kh8 15. b5 Nhf4 16. Ba3 Qf6 17. Nh2 Nh4 18. Ng4 Qg5 19. Bc1 Nhxg2 20. Re4 f5 21. Re3 Nxe3 22.
fxe3 fxg4 23. exf4 gxh3+ 24. fxg5 e4 25. Be3 h2+ 26.
Kg2 Rf3 27. Re1 Raf8 28. Qd1 Rg3+ 29. Kh1 Rff3 30. Bd4 e3 31. Qe2 Bf4 32. d6 Bxd6 33.
Bd5 Rf5 34. Be4 Rfxg5 35. Bxe3 R5g4 36. Bf5 Rh4 37. Bf2 Rg1+ 38. Bxg1 hxg1=Q+ 39. Kxg1 g6 40. Be4 Kg7 41. Bg2 Bh2+ 42. Kf1 Rf4+ 43. Bf3 Bg3 44. Qe7+ Kh6 45. Re3 Bh4 46. Qe5 Bg3 47. Qxf4+ Bxf4 48. Re7 Kg5 49. Rxh7 Kf6 1-0

[Event "*** MasterClass Titled Tuesday Blitz"]
[Site "Chess.com"]
[Date "2017.09.05"]
[Round "3"]
[White "sergiochess83"]
[Black "GMKrikor"]
[Result "1-0"]
[WhiteElo "2759"]
[BlackElo "2571"]
[TimeControl "180+2"]
[EndTime "13:43:29 PDT"]
[Termination "sergiochess83 won on time"]

1. e4 e5 2. Nf3 Nc6 3. Bc4 Bc5 4. O-O Nf6 5. d3 d6 6. c3 a6 7. a4 h6 8. Re1 O-O 9. h3 Ba7 10. Nbd2 Re8 11. b4 Be6 12. Bxe6 Rxe6 13. Qc2 Qd7 14. Nf1 d5 15. Ng3 dxe4 16. dxe4 Rd8 17. Be3 Bxe3 18. Rxe3 Rd6 19. b5 axb5 20. axb5 Rd1+ 21. Rxd1 Qxd1+ 22. Qxd1 Rxd1+ 23. Kh2 Na7 24. c4 Nd7 25. Ra3 Nc8 26. Ra8 Nb6 27. Rb8 Rd8 28.
Nxe5 f6 29. c5 Na4 30. c6 b6 31. Nf3 Nc3 32. Nd4 Kf7 33. Rb7 Rxd4 34. Rxc7+ Ne7 35. Rxe7+ Kxe7 36. Nf5+ Kd8 37. Nxd4 Nxe4 38. f3 Nc3 39. Kg3 Ke7 40. Kf4 g6 41. h4 h5 42. g4 Kd6 43.
gxh5 gxh5 44. Kf5 Nd5 45. Kg6 Kc5 46. Kxh5 Kxd4 47. Kg6 Kc5 48. h5 Kxb5 49. h6 Nf4+ 50. Kf7 1-0

[Event "*** MasterClass Titled Tuesday Blitz"]
[Site "Chess.com"]
[Date "2017.09.05"]
[Round "3"]
[White "danyuffa"]
[Black "ChadaevNikolay"]
[Result "1-0"]
[WhiteElo "2580"]
[BlackElo "2685"]
[TimeControl "180+2"]
[EndTime "13:43:38 PDT"]
[Termination "danyuffa won by resignation"]

1. d4 Nf6 2. c4 e6 3. g3 Bb4+ 4.
Bd2 a5 5. Bg2 O-O 6. Nf3 d6 7.
O-O Bxd2 8. Qxd2 Nc6 9. d5 Nb4 10. dxe6 Bxe6 11. b3 d5 12. a3 Nc6 13. Ng5 dxc4 14.
Nxe6 fxe6 15. Bxc6 bxc6 16. bxc4 Qxd2 17. Nxd2 Rfd8 18.
Nf3 Ne4 19. Rfd1 Nc3 20. Rxd8+ Rxd8 21. Kf1 c5 22. Rc1 Ne4 23. Rb1 a4 24. h4 h6 25. h5 Nd2+ 26. Nxd2 Rxd2 27. Rb8+ Kh7 28. Ra8 Rc2 29. Rxa4 Kg8 30. Ke1 Kf8 31. Kd1 Ra2 32. Ra7 c6 33. Ra6 Ke7 34. Rxc6 Rxa3 35. Rxc5 Kd6 36. Rb5 Rc3 37. Rb7 Rxc4 38. Rxg7 Rc5 39.
g4 Ke5 40. Ke1 Rc1+ 41. Kd2 Ra1 42. Rg6 Ra2+ 43. Kd3 Ra3+ 44. Kc4 Ra4+ 45. Kc5 Ra2 46. Rxh6 Rxe2 47. Rg6 Rc2+ 48. Kb4 Rxf2 49. h6 Rh2 50. g5 Kf4 51. Rg7 e5 52. h7 e4 53. g6 e3 54.
Rf7+ Ke4 55. g7 e2 56. Re7+ Kd3 57. h8=Q 1-0

[Event "*** MasterClass Titled Tuesday Blitz"]
[Site "Chess.com"]
[Date "2017.09.05"]
[Round "3"]
[White "PowerThinking2650"]
[Black "Bad4life"]
[Result "0-1"]
[WhiteElo "2204"]
[BlackElo "2168"]
[TimeControl "180+2"]
[EndTime "13:43:40 PDT"]
[Termination "Bad4life won by resignation"]

1. e4 d6 2. d4 Nf6 3. Nc3 g6 4.
Bc4 Bg7 5. Qe2 O-O 6. e5 dxe5 7. dxe5 Ng4 8. Nf3 Nc6 9. Bf4 Nd4 10. Nxd4 Qxd4 11.
Nd5 Nxe5 12. Nxe7+ Kh8 13. Bxe5 Bxe5 14. c3 Qf4 15. g3 Qf6 16. Nxc8 Bxc3+ 17. Kf1 Bxb2 18. Rb1 Ba3 19. Rb3 Bc5 20. Rf3 Qd8 21. Qe5+ f6 22. Qxc5 Rxc8 23. Kg2 b6 24. Qc6 Qe7 25. Rd1 Rcd8 26. Rxd8 Qxd8 27. Rd3 Qa8 28. Qxa8 Rxa8 29. Rd7 c5 30. f4 a6 31. h4 b5 32. Bd5 Rc8 33. Kf3 c4 34. Ke3 c3 35. Bb3 c2 36.
Bxc2 Rxc2 37. f5 Rxa2 38. fxg6 hxg6 39. g4 Ra4 40. Kf3 b4 41. h5 gxh5 42. Kf4 b3+ 43. Kf5 Rxg4 44. Rb7 Rg3 45. Kxf6 a5 46. Ra7 b2 47. Rb7 Rg2 48. Kf5 a4 49. Kf4 a3 50.
Kf3 Rg7 51. Rb8+ Rg8 52. Rb3 a2 53. Rxb2 a1=Q 54. Rb7 Qh1+ 0-1

[Event "*** MasterClass Titled Tuesday Blitz"]
[Site "Chess.com"]
[Date "2017.09.05"]
[Round "3"]
[White "Rodalquilar"]
[Black "champ2005"]
[Result "0-1"]
[WhiteElo "2522"]
[BlackElo "2493"]
[TimeControl "180+2"]
[EndTime "13:43:44 PDT"]
[Termination "champ2005 won on time"]

1. d4 Nf6 2. Bf4 e6 3. e3 d5 4. Nd2 Bd6 5. Bg3 O-O 6. Bd3 c5 7. c3 Qc7 8. Ngf3 Nbd7 9. e4 e5 10. dxe5 Nxe5 11. Nxe5 Bxe5 12. O-O Bxg3 13. hxg3 dxe4 14.
Nxe4 Nxe4 15. Bxe4 Be6 16. Qh5 g6 17. Qf3 Rab8 18.
Rfe1 b6 19. a4 Rbd8 20. Bd3 Rd6 21. Bf1 Rd2 22. b4 cxb4 23. cxb4 Rfd8 24. a5 Rb2 25.
Rec1 Qb8 26. axb6 Qxb6 27. b5 Rdd2 28. Ra6 Qxf2+ 29. Qxf2 Rxf2 30. Rxa7 Bd5 31. Rd7 Bxg2 32. Bc4 Bh3 33. Bxf7+ Rxf7 34. Rxf7 Kxf7 35. Rc7+ Kf6 36. Rxh7 Be6 37. Rb7 Bd5 38. Rb6+ Kf5 39. g4+ Kg5 40. Rb8 Kxg4 41. b6 g5 42. Kf1 Bf3 43. Ke1 Kg3 44. Rg8 g4 45. Rg6 Kg2 46. Re6 g3 47. Rg6 Rb1+ 48.
Kd2 Kf2 49. Kc2 Be4+ 50. Kc3 Bxg6 51. b7 Rxb7 0-1

[Event "*** MasterClass Titled Tuesday Blitz"]
[Site "Chess.com"]
[Date "2017.09.05"]
[Round "3"]
[White "Fandorine"]
[Black "asms9699"]
[Result "1-0"]
[WhiteElo "2673"]
[BlackElo "2413"]
[TimeControl "180+2"]
[EndTime "13:43:48 PDT"]
[Termination "Fandorine won by resignation"]

1. e4 e6 2. d4 d5 3. Bd3 c5 4. exd5 exd5 5. Nf3 Nc6 6. O-O Nf6 7. Re1+ Be7 8.
dxc5 O-O 9. Bg5 h6 10. Bh4 Bg4 11. h3 Bh5 12. Nbd2 Bxc5 13. c3 Bd6 14. Qa4 Bg6 15. Bxf6 Qxf6 16. Qc2 d4 17. Bxg6 fxg6 18. Ne4 Qf4 19. Nxd6 Qxd6 20. Rad1 Rf4 21. cxd4 Kh7 22. d5 Nb4 23. Qb3 Raf8 24. a3 Na6 25. Qxb7 Rb8 26.
Qc6 Qd8 27. Qxa6 Rxb2 28. Qd3 Qb8 29. d6 Rb3 30. Qxb3 Qxb3 31. d7 Rf8 32. d8=Q Rxd8 33. Rxd8 Qxa3 34. Rdd1 g5 35. Ra1 Qc5 36. Ra4 h5 37.
Rea1 Kh6 38. Ra5 Qc3 39. Nxg5 Qd4 40. g3 h4 41. Nf3 Qc3 42. Nxh4 Qc8 43. Nf5+ Kh7 44. h4 Qe6 45. Ne3 Qf6 46. Rxa7 Qf3 47.
R7a5 Kh6 48. Rg5 Kh7 49. Ra7 Kh6 50. Nf5+ 1-0

[Event "*** MasterClass Titled Tuesday Blitz"]
[Site "Chess.com"]
[Date "2017.09.05"]
[Round "3"]
[White "MITerryble"]
[Black "manubibi"]
[Result "1-0"]
[WhiteElo "2692"]
[BlackElo "2420"]
[TimeControl "180+2"]
[EndTime "13:43:49 PDT"]
[Termination "MITerryble won by checkmate"]

1. d4 Nf6 2. Nf3 g6 3. Bg5 Bg7 4. Nbd2 d5 5. c3 O-O 6. e3 b6 7. Bd3 Bb7 8. O-O c5 9. a4 Nc6 10. Qe2 h6 11. Bh4 g5 12. Bg3 Nh5 13. Ba6 Nxg3 14.
hxg3 Qc8 15. Bxb7 Qxb7 16. Nb3 cxd4 17. exd4 e6 18. a5 Rab8 19. Rfb1 Nxa5 20. Nxa5 bxa5 21. Rxa5 Rfc8 22. Nd2 Rc6 23. Kh2 Rb6 24. Ra2 Qc7 25.
Kg1 R8b7 26. g4 Qb8 27. b4 Rc7 28. Rb3 Rbc6 29. Raa3 Rc8 30. g3 e5 31. dxe5 Bxe5 32. Qd3 Qc7 33. Nf1 Rxc3 34. Rxc3 Bxc3 35. Qxd5 Bxb4 36.
Ra6 Qc4 37. Qxc4 Rxc4 38. Rxa7 Rxg4 39. Ne3 Rd4 40. Nf5 Rd1+ 41. Kg2 Bf8 42. Ra8 h5 43.
Kf3 Rd5 44. Ke4 Rd2 45. Ke3 Rd5 46. Ke4 Rd1 47. f3 Rh1 48. Ke5 h4 49. gxh4 gxh4 50.
Kf6 h3 51. Ne7+ Kh7 52. Rxf8 h2 53. Rxf7+ Kh8 54. Ng6+ Kg8 55. Rg7# 1-0